 Dungeon Crawl Stone Soup version 0.21-a0-442-g848f44b (webtiles) character file.

1 slep the Chiller (level 1, 0/9 HPs)
             Began as a Vine Stalker Wanderer on Nov 16, 2017.
             Slain by a goblin (1 damage)
             ... on level 1 of the Dungeon.
             The game lasted 00:00:53 (85 turns).

slep the Chiller (Vine Stalker Wanderer)              Turns: 85, Time: 00:00:53

Health: 0/9        AC:  2    Str: 14    XL:     1   Next: 20%
Magic:  0/3        EV: 11    Int: 12    God:
Gold:   33         SH:  0    Dex: 13    Spells: 2/2 levels left

rFire    . . .     SeeInvis .   e - +0 club
rCold    . . .     Gourm    .   (no shield)
rNeg     . . .     Faith    .   d - +0 robe
rPois    .         Spirit   +   (no helmet)
rElec    .         Reflect  .   (no cloak)
rCorr    .         Harm     .   (no gloves)
MR       .....                  (no boots)
Stlth    ++........             (no amulet)
HPRegen  0.03/turn              (no ring)
MPRegen  0.08/turn              (no ring)

@: no status effects
A: fangs 2, magic shield, antimagic bite, no potion heal 3, rot immunity
a: no special abilities


You were on level 1 of the Dungeon.
You were not hungry.

You visited 1 branch of the dungeon, and saw 1 of its levels.

You collected 33 gold pieces.

Inventory:

Hand Weapons
 e - a +0 club (weapon)
Armour
 d - a +0 robe (worn)
Scrolls
 g - a scroll of enchant armour {unknown}
 i - a scroll of recharging {unknown}
Potions
 h - 2 potions of might {unknown}
Books
 a - a book of Minor Magic

   Spells                             Type                      Level
   a - Magic Dart                     Conjuration                  1
   b - Blink                          Translocation                2
   c - Call Imp                       Summoning                    2
   d - Slow                           Hexes                        2
   e - Conjure Flame                  Conjuration/Fire             3
   f - Mephitic Cloud                 Conjuration/Poison/Air       3
 b - the Reference Book on Dislocation

   Spells                             Type                      Level
   a - Apportation                    Translocation                1
   b - Portal Projectile              Hexes/Translocation          3
 c - Sif Muna's Reference Book on Snow

   Spells                             Type                      Level
   a - Throw Frost                    Conjuration/Ice              2
   b - Ensorcelled Hibernation        Hexes/Ice                    2
Comestibles
 f - a bread ration


   Skills:
 + Level 1.2 Stealth
 + Level 1.3 Spellcasting
   Level 1.0 Charms
   Level 1.0 Translocations
   Level 1.0 Transmutations
   Level 4.0 Ice Magic
   Level 1.0 Evocations


You had 2 spell levels left.
You didn't know any spells.

Dungeon Overview and Level Annotations

Branches:
Dungeon (1/15)

Altars:


Innate Abilities, Weirdness & Mutations

You have extremely sharp teeth.
When hurt, damage is shared between your health and your magic reserves.
Your bite disrupts and absorbs the magic of your enemies.
Potions cannot restore your health.
You are immune to rotting.


Message History

The giant cockroach is moderately wounded.
The giant cockroach misses you.
You hit the giant cockroach. Your bite misses the giant cockroach.
The giant cockroach is severely wounded.
The giant cockroach bites you but does no damage.
The giant cockroach bites you.
You barely miss the giant cockroach.
The giant cockroach is severely wounded.
The giant cockroach barely misses you.
The giant cockroach bites you but does no damage.
You hit the giant cockroach but do no damage.
The giant cockroach is severely wounded.
The giant cockroach bites you.
You hit the giant cockroach but do no damage.
You bite the giant cockroach. You drain its power.
You feel invigorated.
You kill the giant cockroach!
You closely miss the goblin. The goblin hits you.
* * * LOW HITPOINT WARNING * * *
You hit the goblin but do no damage. The goblin hits you.
You die...

. ..........###...........#
..###.#..#.## #...........# .#
...##.#....# ##..#####..##..
.........##### #...# #...# .#
......#......# #...###...#..#
#..#....####)..##...#...##..##
........### ..##.....##.....
..........#######.....$.....#
.............@g....####....##
.##.........###.........####
##....#.................?...
#......#......######........
#....#.###...## ..#......
........ ........ ..# ......
.#.#..#.##.#.#.#.#.#. #.#.#.
#.##... ............ .... #
..##.#.#.#.#. .#.#.


You could see a goblin.

Vanquished Creatures
  A giant cockroach (D:1)
1 creature vanquished.

Notes
Turn   | Place    | Note
-------+----------+-------------------------------------------
     0 | D:1      | slep the Vine Stalker Wanderer began the quest for the Orb.
     0 | D:1      | slep set off with: a book of Minor Magic, the Reference Book on Dislocation, Sif Muna's Reference Book on Snow, a +0 robe, a +0 club, a bread ration
     0 | D:1      | Reached XP level 1. HP: 9/9 MP: 3/3
    85 | D:1      | Slain by a goblin

Vault maps used:
D:1:      dpeg_arrival_arbitrary_c, st_stairs_13

Action                   || total
-------------------------++-------
Melee: Club              ||    11
       Bite              ||     1
Armor: Robe              ||     4
Dodge: Dodged            ||     7

Table legend:
 A = Spawn XP
 B = Non-spawn XP
 C = Spawn XP percentage of total XP
 D = Spawn monster count
 E = Non-spawn monster count
 F = Spawn count percentage of total count
 G = Total turns spent on level
                    A         B        C        D         E        F      G
               +---------+---------+-------+---------+---------+-------+---------
         Total |       0 |       2 |   0.0 |       0 |       1 |   0.0 |    85
               +---------+---------+-------+---------+---------+-------+---------
           D:1 |       0 |       2 |   0.0 |       0 |       1 |   0.0 |    85
               +---------+---------+-------+---------+---------+-------+---------
